 Dungeon Crawl Stone Soup version 0.30-a0-355-g4c39ff33d3 (webtiles) character file.

Game seed: 15013053833371065287

248 Elric the Chopper (level 5, -1/47 HPs)
             Began as a Minotaur Berserker on Nov 8, 2022.
             Was a Priest of Trog.
             Engulfed by a steam dragon's steam (3 damage)
             ... on level 4 of the Dungeon.
             The game lasted 00:06:07 (3116 turns).

Elric the Chopper (Minotaur Berserker)              Turns: 3116, Time: 00:06:07

Health: -1/47      AC:  7    Str: 24    XL:     5   Next: 86%
Magic:  4/4        EV: 10    Int:  4    God:    Trog [***...]
Gold:   110        SH:  0    Dex:  9    Spells: 4/4 levels left

rFire   . . .      SeeInvis .    a - +0 hand axe
rCold   . . .      Faith    .    (no shield)
rNeg    . . .      Spirit   .    k - +0 scale mail
rPois   .          Reflect  .    (helmet restricted)
rElec   .          Harm     .    (no cloak)
rCorr   .          Rampage  .    (no gloves)
Will    .....                    (no boots)
Stlth   ..........               (no amulet)
HPRegen 0.27/turn                (no ring)
MPRegen 0.09/turn                (no ring)

@: attractive
A: horns 2, retaliatory headbutt
a: Renounce Religion, Berserk, Trog's Hand


You were on level 4 of the Dungeon.
You worshipped Trog.
Trog was most pleased with you.
You visited 1 branch of the dungeon, and saw 4 of its levels.

You collected 110 gold pieces.

Inventory:

Hand Weapons
 a - a +0 hand axe (weapon)
Armour
 b - a +0 animal skin
 k - a +0 scale mail (worn)
Scrolls
 d - 3 scrolls of identify {unknown}
 f - a scroll of teleportation {unknown}
 l - a scroll of blinking {unknown}
 m - a scroll of enchant armour {unknown}
 n - a scroll of fog {unknown}
 p - a scroll of magic mapping {unknown}
 q - a scroll of vulnerability {unknown}
 r - 2 scrolls of poison {unknown}
 s - a scroll of amnesia {unknown}
Potions
 c - a potion of might {unknown}
 e - 2 potions of heal wounds {unknown}
 g - a potion of attraction
 h - 2 potions of curing {unknown}
 i - a potion of mutation {unknown}
 j - 2 potions of brilliance {unknown}
 o - 2 potions of berserk rage {unknown}


   Skills:
 - Level 4.7 Fighting
 + Level 6.0 Axes
 - Level 3.8 Armour
 - Level 3.3 Dodging


You had 4 spell levels left.
You didn't know any spells.
Your spell library was empty.

Dungeon Overview and Level Annotations

Branches:
Dungeon (4/15)
 Temple: D:4-7

Altars:
Fedhas
Gozag
The Shining One


Innate Abilities, Weirdness & Mutations

You have a pair of horns on your head.
You reflexively headbutt those who attack you in melee.


Message History

The steam dragon bites you but does no damage.
The steam dragon claws you but does no damage.
You are too injured to fight recklessly!
You are too injured to fight recklessly!
Unknown command.
You are too injured to fight recklessly!
Unknown command.
You are too injured to fight recklessly!
You are too injured to fight recklessly!
You hit the steam dragon but do no damage.
The steam dragon is severely wounded.
You hit the orc priest.
You are engulfed in a cloud of scalding steam.
* * * LOW HITPOINT WARNING * * *
The orc priest completely misses you. The steam dragon breathes steam at you.
The ball of steam misses you.
You hit the orc priest.
The orc priest is moderately wounded.
The orc priest closely misses you. You furiously retaliate!
You headbutt the orc priest. You slash the orc priest!
You kill the orc priest!
Trog accepts your kill.
You barely miss the steam dragon. The steam dragon breathes steam at you.
The ball of steam hits you.
* * * LOW HITPOINT WARNING * * *
You hear an angry hiss.
Your Axes skill increases to level 6!
You are engulfed in a cloud of scalding steam.
* * * LOW HITPOINT WARNING * * *
The steam dragon bites you but does no damage.
The steam dragon claws you but does no damage.
Things that are here:
a +0 morningstar; a +0 chain mail; 11 gold pieces It was a potion of attraction.
You feel attractive to monsters.
You are engulfed in a cloud of scalding steam.
You die...

#... #... .# #.P.
. #.P.#. #.P...
#.P..# #########
###...§###........
#.....D§§§......#
#.#.#.@###.####.#
#..# #.# #.# #..#
#)# #.# # #..# #.#
##.##.# ...#
#.###...#.# ....#
#..>......# #....
#####..†..# ###.#
##.#..#
.######.#..# #


You could see a steam dragon (catching breath).

Vanquished Creatures
  2 hounds (D:4)
  An orc priest (D:4)
  An orc wizard (D:3)
  3 adders
  7 dart slugs
  6 orcs
  6 ball pythons
  8 endoplasms
  4 giant cockroaches
  7 goblins
  8 hobgoblins
  7 jackals (D:3)
  6 quokkas
  9 bats
  5 frilled lizards
  4 kobolds
  3 rats
87 creatures vanquished.

Vanquished Creatures (others)
  5 plants (D:4)
5 creatures vanquished.

Grand Total: 92 creatures vanquished

Notes
Turn   | Place    | Note
-------+----------+-------------------------------------------
     0 | D:1      | Elric the Minotaur Berserker began the quest for the Orb.
     0 | D:1      | Reached XP level 1. HP: 19/19 MP: 0/0
    84 | D:1      | Reached XP level 2. HP: 26/27 MP: 1/1
   448 | D:1      | Reached skill level 4 in Axes
   894 | D:1      | Reached XP level 3. HP: 33/33 MP: 2/2
  1035 | D:2      | Reached ** piety under Trog
  1782 | D:2      | Reached XP level 4. HP: 39/41 MP: 3/3
  2015 | D:3      | Found a blossoming altar of Fedhas.
  2156 | D:3      | Found a glowing golden altar of the Shining One.
  2157 | D:3      | Found an opulent altar of Gozag.
  2440 | D:3      | Reached *** piety under Trog
  2726 | D:3      | Reached XP level 5. HP: 47/47 MP: 4/4
  2929 | D:4      | Reached skill level 5 in Axes
  3102 | D:4      | Noticed a steam dragon
  3115 | D:4      | Reached skill level 6 in Axes
  3115 | D:4      | HP: 1/47 [steam dragon] (5)]
  3116 | D:4      | Engulfed by a steam dragon's steam

Illustrated notes

Levels and vault maps discovered:
D:1:      wander_arrival_peaceful_grave, layout_basic, st_stairs_7,
          minmay_bisected
D:2:      layout_basic, grunt_decor_cap, serial_park_tiny_pond
D:3:      layout_basic, nicolae_overflow_squiral,
          mainiacjoe_overflow_concentric_impassable,
          kennysheep_decorative_pillar
D:4:      cheibrodos_old_hovel, layout_loops_ring, mainiacjoe_overflow_boulevard

Skill      XL: |  1  2  3  4  5 |
---------------+----------------+-----
Fighting       | 4 |  4.7
Axes           | 4 6 |  6.0
Armour         | 3 |  3.8
Dodging        | 3 |  3.3

Action                   |  1- 3 |  4- 6 || total
-------------------------+-------+-------++-------
Melee: Hand axe          |    93 |   123 ||   216
       Headbutt          |    14 |    11 ||    25
       Punch             |       |     2 ||     2
  Use: Potion            |       |     1 ||     1
Armor: Animal skin       |     5 |       ||     5
       Scale mail        |    26 |    49 ||    75
Dodge: Dodged            |    45 |    65 ||   110

Table legend: (Time is in decaauts)
 A = Elapsed time spent in this place.
 B = Non-inter-level travel time spent in this place.
 C = Inter-level travel time spent in this place.
 D = Time resting spent in this place.
 E = Time spent auto-exploring this place.
 F = Levels seen in this place.
 G = Mean time per level.
                   A        B        C        D        E       F      G
               +--------+--------+--------+--------+--------+-----+--------+
         Total |   3132 |   2964 |    168 |      0 |   2447 |   4 |  783.0 |
       Dungeon |   3132 |   2964 |    168 |      0 |   2447 |   4 |  783.0 |
               +--------+--------+--------+--------+--------+-----+--------+

Top non-repeatable levels by time:
     D:2: 1014 daAuts
     D:1: 997 daAuts
     D:3: 856 daAuts
     D:4: 264 daAuts
